 Dungeon Crawl Stone Soup version 0.27.1-4-g1640c2035a (webtiles) character file.

Game seed: 13500395459753887057

23 Crownlay the Digger (level 2, -6/15 HPs)
             Began as a Gargoyle Earth Elementalist on Nov 6, 2021.
             Killed from afar by Terence (7 damage)
             ... with a puff of flame
             ... on level 2 of the Dungeon.
             The game lasted 00:01:00 (1238 turns).

Crownlay the Digger (Gargoyle Earth Elementalist)   Turns: 1238, Time: 00:01:01

Health: -6/15      AC:  4    Str: 11    XL:     2   Next: 95%
Magic:  1/5        EV: 11    Int: 15    God:
Gold:   42         SH:  0    Dex: 10    Spells: 5/6 levels left

rFire    . . .     SeeInvis .   k - +4 dagger (elec)
rCold    . . .     Faith    .   (no shield)
rNeg     + . .     Spirit   .   b - +0 robe
rPois    ∞         Reflect  .   (no helmet)
rElec    +         Harm     .   (no cloak)
rCorr    .         Rampage  .   (no gloves)
Will     .....                  (no boots)
Stlth    ++........             (no amulet)
HPRegen  0.05/turn              (no ring)
MPRegen  0.09/turn              (no ring)

@: very slightly contaminated
A: sickness immunity, AC +2, negative energy resistance 1, electricity
resistance, torment resistance 1, petrification resistance
a: no special abilities


You were on level 2 of the Dungeon.
You visited 1 branch of the dungeon, and saw 2 of its levels.

You collected 42 gold pieces.

Inventory:

Hand Weapons
 k - a +4 dagger of electrocution (weapon)
Missiles
 c - 9 stones
Armour
 b - a +0 robe (worn)
Scrolls
 a - a scroll of immolation {unknown}
 f - a scroll of noise {unknown}
 i - a scroll of identify {unknown}
 j - a scroll of torment {unknown}
Potions
 d - a potion of brilliance {unknown}
 e - 2 potions of heal wounds {unknown}
 g - a potion of degeneration {unknown}
 h - a potion of ambrosia {unknown}


   Skills:
 - Level 1.5 Dodging
 - Level 2.1 Stealth
 * Level 2.8 Spellcasting
 - Level 0.7 Transmutations
 + Level 4.1 Earth Magic


You had 5 spell levels left.
You knew the following spells:

 Your Spells              Type           Power      Damage    Failure   Level
a - Sandblast             Erth           28%        2d8       3%          1

Your spell library contained the following spells:

 Spells                   Type           Power      Damage    Failure   Level
 Passwall                 Tmut/Erth      7%         N/A       12%         2
 Summon Small Mammal      Summ           8%         N/A       21%         1
 Stone Arrow              Conj/Erth      16%        3d8       26%         3
 Call Canine Familiar     Summ           2%         N/A       52%         3
 Summon Guardian Golem    Hex/Summ       2%         N/A       52%         3
 Petrify                  Tmut/Erth      9%         N/A       58%         4


Dungeon Overview and Level Annotations

Branches:
Dungeon (2/15)

Altars:

Annotations:
D:2 Terence


Innate Abilities, Weirdness & Mutations

You are immune to sickness and miasma.
Your stone body is resilient. (AC +2)
You are immune to poison.
You resist negative energy. (rN+)
You are resistant to electric shocks. (rElec)
You are resistant to unholy torment.
You are immune to petrification.


Message History

Found 15 sling bullets.
c - 12 stones (gained 4)
Things that are here:
a +4 dagger of electrocution; a kobold corpse
k - a +4 dagger of electrocution You hear the crackle of electricity.
k - a +4 dagger of electrocution (weapon)
Drop what? 11/52 slots (_ for help) (? for menu, Esc to quit)
You drop a +0 dagger.
Found a stone staircase leading up.
Found 10 gold pieces.
Found a scroll labelled RYCLOILEAT.
You now have 42 gold pieces (gained 10).
f - a scroll labelled RYCLOILEAT
Found a spear.
A kobold comes into view. It is wielding a +0 club.
A kobold is nearby!
The kobold shouts!
The kobold throws a stone.
The stone closely misses you.
Terence the Incautious comes into view.
He is wielding a +0 flail and carrying a wand of flame (3).
You hit the kobold. Lightning courses through the kobold!
You kill the kobold!
Terence zaps a wand.
The puff of flame hits you.
The blast of sand hits Terence but does no damage.
The blast of sand hits Terence!
Terence is heavily wounded.
You miscast Sandblast.
You are very lightly contaminated with residual magic.
Nothing appears to happen.
Terence hits you with a +0 flail!
Ouch! That really hurt!
* * * LOW HITPOINT WARNING * * *
Casting: Sandblast (safe; 3% risk of failure)
Confirm with . or Enter, or press ? or * to list all spells.
Aiming: Sandblast (safe; 3% risk of failure)
Press: ? - help, Shift-Dir - straight line, f/p - Terence
Aim: Terence, wielding a +0 flail, wearing a +0 ring mail and carrying a wand of flame (2) (heavily wounded, 82% to hit)
The blast of sand hits Terence but does no damage.
Terence is heavily wounded.
Terence zaps a wand.
The puff of flame hits you!
You die...

#.# ##.# ### #... .... ..
. .. #..# #.... ..# .# #.
#..##... ..##.# .##
#..#..# ..##.# #..###.@..#
......#####.....@## ....
........###..#
...#####..#.#####.##
.#.................##
....##..............#
.###...####.####....######
.# #.### #.# ##........#
.###.# ###.######..####.
.##..# #.............)#


You could see Terence.

Vanquished Creatures
  3 dart slugs (D:1)
  A giant cockroach (D:1)
  2 goblins (D:1)
  A hobgoblin (D:2)
  4 kobolds
  A quokka (D:1)
  2 bats (D:1)
  2 frilled lizards
  2 rats (D:1)
18 creatures vanquished.

Notes
Turn   | Place    | Note
-------+----------+-------------------------------------------
     0 | D:1      | Crownlay the Gargoyle Earth Elementalist began the quest
                  | for the Orb.
     0 | D:1      | Reached XP level 1. HP: 10/10 MP: 3/3
   164 | D:1      | Reached XP level 2. HP: 13/15 MP: 0/5
   339 | D:1      | Reached skill level 4 in Earth Magic
  1231 | D:2      | Noticed Terence
  1238 | D:2      | Killed from afar by Terence

Illustrated notes

Levels and vault maps discovered:
D:1:      dpeg_arrival_tiny_g, layout_basic
D:2:      layout_rooms, uniq_terence

Skill      XL: |  1  2 |
---------------+-------+-----
Earth Magic    | 4 |  4.1
Dodging        | |  1.5
Stealth        | |  2.1
Spellcasting   | |  2.8
Transmutations | |  0.7

Action                   || total
-------------------------++-------
Melee: Dagger            ||    16
 Cast: Sandblast         ||    25
Armor: Robe              ||    10
Dodge: Dodged            ||    21
